 Dungeon Crawl Stone Soup version 0.21.1-1-g345015fe64 (webtiles) character file.

168 Htamos the Stinger (level 5, 0/35 HPs)
             Began as a Formicid Venom Mage on July 16, 2018.
             Slain by an adder (4 damage)
             ... on level 3 of the Dungeon.
             The game lasted 00:09:30 (3418 turns).

Htamos the Stinger (Formicid Venom Mage)            Turns: 3418, Time: 00:09:30

Health: 0/35       AC:  3    Str: 12    XL:     5   Next: 77%
Magic:  1/8        EV: 17    Int: 16    God:
Gold:   71         SH:  0    Dex: 18    Spells: 7/8 levels left

rFire    + . .     SeeInvis +   f - -3 dagger (curse)
rCold    + . .     Gourm    .   (no shield)
rNeg     . . .     Faith    .   a - +1 robe
rPois    .         Spirit   .   (helmet unavailable)
rElec    .         Reflect  .   j - scarf {rC+ rF+}
rCorr    .         Harm     .   (no gloves)
MR       .....                  (no boots)
Stlth    ++++......             (no amulet)
HPRegen  0.11/turn              (no ring)
MPRegen  0.11/turn              (no ring)

@: agile, lethally poisoned (0 -> -3)
A: permanent stasis, dig shafts and tunnels, four strong arms, antennae 3, agile
1, blurry vision 1
a: Dig, Shaft Self


You were on level 3 of the Dungeon.
You were not hungry.

You visited 1 branch of the dungeon, and saw 3 of its levels.

You collected 71 gold pieces.

Inventory:

Hand Weapons
 e - a +1 dagger
 f - a cursed -3 dagger (weapon)
 l - a cursed -3 quarterstaff
Armour
 a - a +1 robe (worn)
 j - a scarf of resistance (worn)
 k - a +2 shield
Jewellery
 g - an uncursed ring of positive energy {unknown}
Scrolls
 i - a scroll of amnesia
 m - a scroll of enchant weapon
 n - a scroll of enchant armour
Books
 b - a Young Poisoner's Handbook

   Spells                             Type                      Level
   a - Sting                          Conjuration/Poison           1
   b - Poisonous Vapours              Poison/Air                   2
   c - Mephitic Cloud                 Conjuration/Poison/Air       3
   d - Olgreb's Toxic Radiance        Poison                       4
   e - Venom Bolt                     Conjuration/Poison           5
Comestibles
 c - 4 rations


   Skills:
 + Level 2.6 Short Blades
 - Level 1.7 Dodging
 + Level 4.6 Stealth
 - Level 2.1 Spellcasting
 - Level 0.8 Conjurations
 + Level 5.5 Poison Magic


You had 7 spell levels left.
You knew the following spells:

 Your Spells              Type           Power        Failure   Level  Hunger
a - Sting                 Conj/Pois      ##..         5%          1    #......


Dungeon Overview and Level Annotations

Branches:
Dungeon (3/15)

Altars:


Innate Abilities, Weirdness & Mutations

You cannot be hasted, slowed, berserked, paralysed or teleported.
You can dig through walls and to a lower floor.
Your four strong arms can wield two-handed weapons with a shield.
You have a pair of large antennae on your head. (SInv)
You are agile. (Dex +2)
Scrolls take you a little longer to read.


Message History

The adder is almost dead.
The adder completely misses you.
You barely miss the adder.
The adder is almost dead.
The adder closely misses you.
You closely miss the adder.
The adder is almost dead.
* * * LOW HITPOINT WARNING * * *
You feel sick. The adder barely misses you. The adder closely misses you.
Your magical contamination has completely faded away.
You closely miss the adder.
The adder is almost dead.
The adder misses you.
You barely miss the adder.
The adder is almost dead.
The adder barely misses you.
You closely miss the adder.
The adder is almost dead.
The adder bites you.
You die...

....... #†..... #### #......
#... ### #####...... ..###
#.. ###.......... #.... #.#
###...###...... ..# #.#
#...### #...... ..#
#.#####.#####...PPPPP ###
###...@Sh.......#.P.P.. #
######...#############.P.P.P
# .........# #.P.. . .#.#
..######.# .P PP .... ##..#
#### #..## # #.## ###.#####.
#########.........#


You could see an adder and a jackal.

Vanquished Creatures
  An orc priest (D:3)
  An orc wizard (D:2)
  4 adders
  A dart slug (D:1)
  2 leopard geckos (D:2)
  2 orcs (D:2)
  7 bats
  4 giant cockroaches
  6 hobgoblins
  11 jackals
  11 kobolds
  A frilled lizard (D:2)
  3 goblins (D:2)
  13 rats
67 creatures vanquished.

Notes
Turn   | Place    | Note
-------+----------+-------------------------------------------
     0 | D:1      | Htamos the Formicid Venom Mage began the quest for the Orb.
     0 | D:1      | Reached XP level 1. HP: 13/13 MP: 3/3
   347 | D:1      | Reached XP level 2. HP: 19/19 MP: 1/5
   680 | D:1      | Reached skill level 1 in Short Blades
   941 | D:1      | Reached XP level 3. HP: 24/24 MP: 3/6
  1910 | D:2      | Reached XP level 4. HP: 30/30 MP: 3/7
  2291 | D:2      | Reached skill level 5 in Poison Magic
  2525 | D:2      | Reached XP level 5. HP: 9/35 MP: 0/8
  3404 | D:3      | Gained mutation: You are agile. (Dex +2) [potion of mutation]
  3404 | D:3      | Lost mutation: You are agile. (Dex +2) [potion of mutation]
  3404 | D:3      | Gained mutation: Scrolls take you a little longer to read. [potion of mutation]
  3404 | D:3      | Gained mutation: You are agile. (Dex +2) [potion of mutation]
  3418 | D:3      | Slain by an adder

Skill      XL: |  1  2  3  4 |
---------------+-------------+-----
Stealth        | 3 4 |  4.6
Short Blades   | 1 2 |  2.6
Poison Magic   | 5 |  5.5
Dodging        | |  1.7
Spellcasting   | |  2.1
Conjurations   | |  0.8

Action                   |  1- 3 |  4- 6 || total
-------------------------+-------+-------++-------
Melee: Unarmed           |     2 |       ||     2
       Dagger            |    32 |    67 ||    99
 Cast: Sting             |    57 |    87 ||   144
  Use: Scroll            |     4 |     2 ||     6
       Potion            |       |     2 ||     2
 Stab: Sleeping          |     4 |     1 ||     5
  Eat: Chunk             |     4 |     6 ||    10
Armor: Robe              |     9 |    34 ||    43
Dodge: Dodged            |    38 |   108 ||   146
